 Dungeon Crawl Stone Soup version 0.27-a0-1186-g8b4daa1eef (webtiles) character file.

Game seed: 13174720352396434760

51682 wakim the Warrior (level 15, -3/120 HPs)
             Began as a Djinni Conjurer on May 19, 2021.
             Was a Follower of Uskayaw.
             Slain by a komodo dragon (10 damage)
             ... on level 6 of the Lair of Beasts.
             The game lasted 00:56:10 (16676 turns).

wakim the Warrior (Djinni Conjurer)                Turns: 16676, Time: 00:56:10

Health: -3/120     AC: 19    Str:  6    XL:     15   Next: 3%
Gold:   1076       EV:  6    Int: 36    God:    Uskayaw [*.....] SH: 10 Dex: 11

rFire    + + .     SeeInvis +   b - +11 morningstar "Toahaa" {antimagic, +Rage rF+ Int+2}
rCold    + + .     Faith    .   S - +1 buckler {rPois}
rNeg     + . .     Spirit   .   d - +1 ice dragon scales "Vuanot" {rF- rC++ rCorr Int+2}
rPois    ∞         Reflect  +   k - +0 hat {Int+3}
rElec    .         Harm     .   V - scarf {repulsion}
rCorr    +         Rampage  .   c - +3 pair of gloves of Inviolability {Will+ Int+2}
Will     ++...                  (boots unavailable)
Stlth    +.........             e - amulet of reflection
HPRegen  0.30/turn              K - ring "Xiriunyp" {rC+ rN+ SInv}
MPRegen  0.00/turn              h - +4 ring of protection

@: death channeling, flying, repel missiles
A: sickness immunity, fire resistance 2, cold vulnerability 1, float, innate
caster, hp casting, extra vitality 1
a: Renounce Religion, Evoke Berserk Rage, Stomp


You were on level 6 of the Lair of Beasts.
You worshipped Uskayaw.
Uskayaw was aware of your devotion.
You visited 3 branches of the dungeon, and saw 18 of its levels.
You also visited: Bailey, Gauntlet and Ice Cave.

You collected 1076 gold pieces.

Inventory:

Hand Weapons
 a - a +6 short sword of speed
 b - the +11 morningstar "Toahaa" (weapon) {antimagic, +Rage rF+ Int+2}
   (You acquired it in a bailey)

   It reduces the magical energy of the wielder, and disrupts the spells and
   magical abilities of those hit.
   Natural abilities and divine invocations are not affected.
   It affects your intelligence (+2).
   It protects you from fire.
   It lets you go berserk.
 G - the +5 hand axe of Dust {freeze, rPois rCorr Dex+3}
   (You found it in an ice cave)

   It has been specially enchanted to freeze those struck by it, causing extra
   injury to most foes and up to half again as much damage against particularly
   susceptible opponents.
   It can also slow down cold-blooded creatures.
   It affects your dexterity (+3).
   It protects you from poison.
   It protects you from acid and corrosion.
Missiles
 s - 2 curare-tipped darts {=f}
 z - a throwing net {=f!f}
Armour
 c - the +3 pair of gloves of Inviolability (worn) {Will+ Int+2}
   (You acquired it on level 7 of the Dungeon)

   It affects your intelligence (+2).
   It increases your willpower.
 d - the +1 ice dragon scales "Vuanot" (worn) {rF- rC++ rCorr Int+2}
   (You found it in an ice cave)

   It affects your intelligence (+2).
   It makes you vulnerable to fire.
   It greatly protects you from cold.
   It protects you from acid and corrosion.
 k - a +0 hat of intelligence (worn)
 p - a +0 troll leather armour
 Q - a scarf of resistance
 S - a +1 buckler of poison resistance (worn)
 V - a scarf of repulsion (worn)
Jewellery
 e - an amulet of reflection (around neck)
 g - a ring of wizardry
 h - a +4 ring of protection (right hand)
 i - a ring of positive energy
 m - a ring of resist corrosion
 o - a +4 ring of slaying
 K - the ring "Xiriunyp" (left hand) {rC+ rN+ SInv}
   (You found it in an ice cave)

   [ring of protection from cold]

   It protects you from cold.
   It protects you from negative energy.
   It lets you see invisible.
 P - a +4 ring of evasion
Wands
 j - a wand of iceblast (12)
 t - a wand of digging (10)
 u - a wand of mindburst (16)
 v - a wand of flame (48)
 w - a wand of acid (11)
 x - a wand of charming (6)
 y - a wand of paralysis (20)
Scrolls
 l - 6 scrolls of enchant weapon
 q - 3 scrolls of enchant armour
 R - 2 scrolls of magic mapping {!r}
 T - 2 scrolls of teleportation
 U - a scroll of fear
 W - a scroll of holy word
 X - a scroll of fog
 Y - 7 scrolls of blinking {!r}
Potions
 f - a potion of flight {unknown}
 n - a potion of invisibility
 A - a potion of ambrosia
 B - 6 potions of attraction {!q}
 C - 3 potions of berserk rage {!q}
 D - 5 potions of brilliance
 E - a potion of cancellation
 F - 6 potions of curing
 H - 4 potions of haste
 J - 5 potions of heal wounds
 M - 2 potions of mutation {!q}
 N - 2 potions of might
 O - 2 potions of resistance


   Skills:
 + Level 15.1 Fighting
 - Level 4.0 Short Blades
 - Level 6.0 Maces & Flails
 * Level 3.9 Armour
 - Level 2.1 Dodging
 - Level 4.0 Stealth
 - Level 4.0 Shields
 * Level 11.5 Spellcasting
 + Level 11.6 Invocations


You couldn't memorise any spells.
You knew the following spells:

 Your Spells              Type           Power      Damage    Failure   Level
a - Magic Dart            Conj           100%       1d8       1%          1
b - Dazzling Flash        Conj/Hex       100%       N/A       1%          3
c - Apportation           Tloc           100%       N/A       1%          1
d - Blink                 Tloc           N/A        N/A       1%          2
e - Gell's Gravitas       Tloc           40%        N/A       1%          3
f - Call Canine Familiar  Summ           80%        N/A       1%          3
g - Summon Ice Beast      Ice/Summ       80%        N/A       4%          4
h - Agony                 Necr           80%        N/A       12%         5
i - Death Channel         Necr           40%        N/A       54%         6
s - Searing Ray           Conj           100%       3d7       1%          2
x - Iskenderun's Mystic   Conj/Tloc      80%        2d16      4%          4
z - Fulminant Prism       Conj/Hex       40%        3d20      4%          4
Your spell library was empty.

Dungeon Overview and Level Annotations

Branches:
Dungeon (13/15)            Temple (1/1) D:4            Lair (3/6) D:10
 Spider (0/4) Lair:2          Orc (0/2) D:9          Bailey (visited)
  IceCv (visited)         Gauntlet (visited)
  Swamp: Lair:2-4    Shoals: Lair:2-4    Vaults: D:13-14

Altars:
Ashenzari
Cheibriados
Dithmenos
Elyvilon
Fedhas
Gozag
Hepliaklqana
Kikubaaqudgha
Makhleb
Nemelex Xobeh
Okawaru
Qazlal
Ru
Sif Muna
Trog
Uskayaw
Vehumet
Wu Jian
Xom
Yredelemnul
Zin
The Shining One
Beogh

Shops:
D:7 *


Innate Abilities, Weirdness & Mutations

You are immune to sickness and miasma.
You are immune to poison.
Your flesh is very heat resistant. (rF++)
You are vulnerable to cold. (rC-)
You float through the air rather than walking.
You learn spells naturally, not from books.
Your magical power is your life essence.
You have superior vitality. (+4 HP)


Message History

The cane toad closely misses you. The cane toad stings you!
* * * LOW HITPOINT WARNING * * *
A komodo dragon comes into view.
The komodo dragon hisses angrily.
The cane toad stings you but does no damage.
Casting: Fulminant Prism (mildly dangerous; 4% risk of failure)
Confirm with . or Enter, or press ? or * to list all spells.
Aiming: Searing Ray (safe; 1% risk of failure)
Press: ? - help, Shift-Dir - straight line, f - cane toad
Aim: a cane toad (almost dead, 85% to hit)
The searing ray hits the cane toad!
You kill the cane toad! (Press . to maintain the ray.)
* * * LOW HITPOINT WARNING * * *
A komodo dragon is nearby!
Unknown command.
The komodo dragon hisses menacingly.
Casting: Searing Ray (safe; 1% risk of failure)
Confirm with . or Enter, or press ? or * to list all spells.
You erupt in a blast of force!
The mystic blast hits the plant!
The plant begins to die.
The plant is lightly damaged.
The mystic blast hits the komodo dragon!
The komodo dragon is lightly wounded.
The komodo dragon is knocked back by the mystic blast.
* * * LOW HITPOINT WARNING * * *
A nearby plant withers and dies.
Casting: Iskenderun's Mystic Blast (mildly dangerous; 4% risk of failure)
Confirm with . or Enter, or press ? or * to list all spells.
The spell is quite dangerous to cast (54% risk of failure)!
Continue anyway?
Malign forces permeate your being, awaiting release.
* * * LOW HITPOINT WARNING * * *
A lindwurm comes into view.
The lindwurm roars!
You hear a shout!
The lindwurm moves out of view.
You see here a death yak corpse.
You block the komodo dragon's attack.
You see here a death yak corpse.
The komodo dragon bites you!
You die...

### #.###
##..†#######
#...........
#..†..##....
##.l.÷.# . ##
##@#÷...# #.
##..#......#
#.
##..##k....÷.
##
#...#....#..8.
#
#.P.#....#....
#P..# .##. ..
#...# F. ##
##..# #..## #


You could see a komodo dragon.

Vanquished Creatures
  An azure jelly (IceCv)
  An orc warlord (Bailey)
  A quicksilver ooze (IceCv)
  A minotaur (Gauntlet)
  2 boulder beetles
  2 hydras (Lair:6)
  A catoblepas (Lair:6)
  A two-headed ogre (D:5)
  A death knight (D:11)
  6 death yaks (Lair:6)
  Pikel (D:6)
  A phantasmal warrior (D:11)
  An orc knight (Bailey)
  2 ugly things
  10 elephants (Lair:6)
  An ice statue (IceCv)
  2 black mambas
  Maurice (D:9)
  A torpor snail (Lair:6)
  3 cane toads
  A gargoyle (D:10)
  Maggie (Lair:1)
  3 komodo dragons
  5 entropy weaver simulacra (IceCv)
  2 freezing wraiths (D:11)
  A rime drake (Lair:3)
  3 trolls
  A tengu conjurer (D:13)
  A tyrant leech (Gauntlet)
  4 polar bears
  5 blink frogs (Lair:6)
  15 slime creatures (IceCv)
  2 redbacks (Lair:2)
  5 centaur simulacra (Gauntlet)
  2 shadows (D:11)
  A spriggan (D:8)
  55 yaks
  Eustachio (D:6)
  A wraith (D:10)
  2 wyverns
  6 basilisks
  4 vampire mosquitoes (D:10)
  3 swamp worms (Gauntlet)
  Edmund (D:6)
  4 demonic crawler simulacra (IceCv)
  8 water moccasins
  20 orc warriors
  An ice beast (D:3)
  4 ugly thing simulacra (IceCv)
  A hornet zombie (D:6)
  16 wolves
  5 centaurs
  2 ogres (D:5)
  A phantom (D:7)
  3 lemures (D:6)
  2 kobold brigands
  Blork the orc (D:5)
  2 bullfrogs (Lair:1)
  3 scorpions
  A glowing shapeshifter simulacrum (IceCv)
  A wyvern skeleton (D:7)
  A cane toad simulacrum (Gauntlet)
  15 wights
  5 howler monkeys
  4 electric eels (D:8)
  3 centaur zombies
  5 hounds
  2 jellies
  8 orc priests
  A bullfrog skeleton (D:6)
  2 centaur skeletons
  A gnoll shaman (D:7)
  5 iguanas
  Natasha (thrice) (D:3)
  3 orc wizards
  2 hound skeletons
  10 gnolls
  A howler monkey skeleton (D:7)
  3 adders
  A shadow imp (D:4)
  13 white imps
  2 worms
  3 dart slugs
  48 orcs
  4 ball pythons
  9 bats
  13 endoplasms
  2 giant cockroaches (D:4)
  25 goblins
  22 hobgoblins
  3 jackals (D:3)
  7 kobolds
  4 quokkas (D:2)
  4 frilled lizards
  8 rats
  A fulminant prism (D:9)
483 creatures vanquished.

Vanquished Creatures (others)
  35 fulminant prisms
  48 fungi
  43 plants
126 creatures vanquished.

Grand Total: 609 creatures vanquished

Notes
Turn   | Place    | Note
-------+----------+-------------------------------------------
     0 | D:1      | wakim the Djinni Conjurer began the quest for the Orb.
     0 | D:1      | Reached XP level 1. HP: 15/15 MP: 0/0
   268 | D:1      | Reached XP level 2. HP: 19/22 MP: 0/0
   679 | D:1      | Reached skill level 1 in Fighting
   973 | D:1      | Reached XP level 3. HP: 23/27 MP: 0/0
   973 | D:1      | Learned a level 1 spell: Apportation
  1043 | D:2      | Found a faded altar of an unknown god.
  1395 | D:2      | Reached XP level 4. HP: 29/32 MP: 0/0
  1629 | D:2      | Found an ornate altar of the Wu Jian Council.
  2061 | D:3      | Reached skill level 2 in Fighting
  2259 | D:3      | Found a glowing golden altar of the Shining One.
  2348 | D:3      | Noticed Natasha
  2360 | D:3      | Killed Natasha
  2361 | D:3      | Reached XP level 5. HP: 26/38 MP: 0/0
  2361 | D:3      | Learned a level 2 spell: Blink
  2480 | D:3      | Noticed an ice beast
  2488 | D:3      | Killed an ice beast
  2489 | D:3      | Reached XP level 6. HP: 30/45 MP: 0/0
  2946 | D:3      | Noticed Natasha
  2950 | D:3      | Killed Natasha
  2951 | D:3      | Reached skill level 3 in Fighting
  2991 | D:3      | Noticed Natasha
  2993 | D:3      | Killed Natasha
  2994 | D:3      | Reached skill level 5 in Spellcasting
  3145 | D:4      | Found a staircase to the Ecumenical Temple.
  3237 | Temple   | Entered the Ecumenical Temple
  3474 | Temple   | Became a worshipper of Uskayaw the Reveller
  3555 | D:4      | Reached * piety under Uskayaw
  3583 | D:4      | Reached ** piety under Uskayaw
  3587 | D:4      | Reached skill level 1 in Shields
  3587 | D:4      | Reached XP level 7. HP: 40/50 MP: 0/0
  3587 | D:4      | Learned a level 3 spell: Gell's Gravitas
  3987 | D:4      | Reached skill level 4 in Fighting
  3988 | D:4      | Reached *** piety under Uskayaw
  4413 | D:5      | Entered Level 5 of the Dungeon
  4429 | D:5      | Noticed a two-headed ogre
  4442 | D:5      | Reached **** piety under Uskayaw
  4443 | D:5      | Killed a two-headed ogre
  4444 | D:5      | Reached skill level 5 in Fighting
  4444 | D:5      | Reached XP level 8. HP: 26/61 MP: 0/0
  4446 | D:5      | Reached skill level 6 in Fighting
  4570 | D:5      | Reached XP level 9. HP: 48/66 MP: 0/0
  4570 | D:5      | Learned a level 3 spell: Call Canine Familiar
  4684 | D:5      | Noticed Blork the orc
  4690 | D:5      | Killed Blork the orc
  4974 | D:5      | Reached skill level 1 in Invocations
  5000 | D:5      | Reached skill level 7 in Fighting
  5003 | D:5      | Reached ***** piety under Uskayaw
  5237 | D:5      | Found a shimmering altar of Xom.
  5402 | D:6      | Noticed Eustachio
  5413 | D:6      | Killed Eustachio
  5590 | D:6      | Noticed Edmund
  5596 | D:6      | Killed Edmund
  5605 | D:6      | Noticed Pikel
  5615 | D:6      | Killed Pikel
  5616 | D:6      | Reached skill level 8 in Fighting
  5616 | D:6      | Reached XP level 10. HP: 69/76 MP: 0/0
  5866 | D:7      | Found Zin's Purification Station.
  5870 | D:7      | Found a glowing silver altar of Zin.
  5968 | D:7      | Found a flagged portal.
  5978 | D:7      | Reached skill level 5 in Invocations
  5993 | Bailey   | Entered a bailey
  6340 | Bailey   | Noticed an orc knight
  6340 | Bailey   | Noticed an orc warlord
  6349 | Bailey   | Killed an orc knight
  6350 | Bailey   | Reached skill level 9 in Fighting
  6356 | Bailey   | Killed an orc warlord
  6357 | Bailey   | Reached XP level 11. HP: 20/85 MP: 0/0
  6357 | Bailey   | Learned a level 4 spell: Summon Ice Beast
  6467 | Bailey   | Identified 2 scrolls of acquirement
  6467 | Bailey   | Acquired the +11 morningstar "Toahaa" {antimagic, +Rage rF+
                  | Int+2}
  6725 | D:7      | Acquired the +3 pair of gloves of Inviolability {Will+
                  | Int+2}
  7035 | D:8      | Reached skill level 1 in Short Blades
  8011 | D:9      | Noticed Maurice
  8053 | D:9      | Killed Maurice
  8091 | D:9      | Reached skill level 10 in Fighting
  8313 | D:9      | Acquired a manual of Fighting
  8467 | D:9      | Found a staircase to the Orcish Mines.
  8471 | D:9      | Reached ****** piety under Uskayaw
  8831 | D:10     | Entered Level 10 of the Dungeon
  8947 | D:10     | Reached XP level 12. HP: 42/92 MP: 0/0
  9151 | D:10     | Reached skill level 11 in Fighting
  9343 | D:10     | Found a hazy altar of Hepliaklqana.
  9346 | D:10     | Found a shadowy altar of Dithmenos.
  9451 | D:10     | Reached skill level 1 in Maces & Flails
  9456 | D:10     | Found a staircase to the Lair.
  9714 | D:11     | Noticed a boulder beetle
  9736 | D:11     | Killed a boulder beetle
  9838 | D:11     | Noticed a death knight
  9854 | D:11     | Killed a death knight
  9893 | D:11     | Found a gate leading to a gauntlet.
  9899 | Gauntlet | Entered a Gauntlet
  9899 | Gauntlet | Found a transporter.
  9899 | Gauntlet | Found a transporter.
  9899 | Gauntlet | Noticed a sixfirhy
  9915 | Gauntlet | Found a transporter.
  9927 | Gauntlet | Found a transporter.
  9935 | Gauntlet | Found a transporter.
  9941 | Gauntlet | Found a transporter.
  9949 | Gauntlet | Found a transporter.
  9974 | Gauntlet | Found a transporter.
  9978 | Gauntlet | Found a transporter.
 10006 | Gauntlet | Found a transporter.
 10018 | Gauntlet | Found a transporter.
 10022 | Gauntlet | Found a transporter.
 10327 | Gauntlet | Identified the +8 mace of Bodily Harmony {vorpal, Dex+3
                  | SInv}
 10332 | Gauntlet | Identified the ring of Awodiw {Drain rPois rN+++ Str+6
                  | Dex-5}
 10347 | Gauntlet | Identified the +3 flail of Greed {freeze, *Corrode +Rage
                  | rF+ SInv}
 10347 | Gauntlet | Noticed a minotaur
 10358 | Gauntlet | Killed a minotaur
 10359 | Gauntlet | Reached skill level 12 in Fighting
 10379 | Gauntlet | Identified Ytyuh's Disquisition on Transmutation
 10382 | Gauntlet | Identified the +0 pair of gloves "Davynetz" {*Slow Will+
                  | Int+5 Dex+5}
 10382 | Gauntlet | Identified the Guide on the Entourage
 10494 | D:11     | Identified the Volume of Glacial Arcane Weapons
 10645 | D:11     | Reached XP level 13. HP: 82/101 MP: 0/0
 10645 | D:11     | Learned a level 5 spell: Agony
 10743 | D:11     | You are sucked into a shaft and drop 2 floors!
 11056 | D:12     | Noticed a boulder beetle
 11089 | D:12     | Killed a boulder beetle
 11685 | D:10     | Reached skill level 10 in Spellcasting
 11714 | Lair:1   | Entered Level 1 of the Lair of Beasts
 11728 | Lair:1   | Reached skill level 5 in Maces & Flails
 12040 | Lair:1   | Noticed Maggie
 12048 | Lair:1   | Killed Maggie
 12554 | Lair:2   | Identified the +0 helmet of the Forest {Harm Int-4 Dex+6
                  | Slay+5}
 12724 | Lair:2   | Found a hole to the Spider Nest.
 13507 | Lair:3   | Found a frozen archway.
 13512 | Lair:3   | Reached skill level 13 in Fighting
 13578 | IceCv    | Entered an ice cave
 13690 | IceCv    | Identified the +1 ice dragon scales "Vuanot" {rF- rC++
                  | rCorr Int+2}
 13778 | IceCv    | Reached skill level 10 in Invocations
 14003 | IceCv    | Noticed a quicksilver ooze
 14009 | IceCv    | Killed a quicksilver ooze
 14010 | IceCv    | Reached XP level 14. HP: 67/111 MP: 0/0
 14148 | IceCv    | Found a viscous altar of Jiyva.
 14152 | IceCv    | Noticed an azure jelly
 14161 | IceCv    | Killed an azure jelly
 14162 | IceCv    | Reached skill level 14 in Fighting
 14188 | IceCv    | Got the ring "Xiriunyp" {rC+ rN+ SInv}
 14203 | IceCv    | Got the +5 hand axe of Dust {freeze, rPois rCorr Dex+3}
 14398 | Lair:3   | Identified the +2 pair of boots of the Endless Expanse
                  | {Will+ rCorr}
 14649 | Lair:3   | You are sucked into a shaft and drop 3 floors!
 14649 | Lair:6   | Entered Level 6 of the Lair of Beasts
 15605 | Lair:6   | Reached skill level 1 in Armour
 16240 | Lair:6   | Reached skill level 15 in Fighting
 16628 | Lair:6   | Reached XP level 15. HP: 15/120 MP: 0/0
 16628 | Lair:6   | Learned a level 6 spell: Death Channel
 16676 | Lair:6   | Slain by a komodo dragon

Illustrated notes

Levels and vault maps discovered:
D:1:      amcnicky_arrival_abandoned_market, layout_basic
D:2:      layout_rooms, ebering_ecumenical_altar_abandoned, basic_altar
D:3:      layout_loops_ring, nicolae_tso_carved_into_rock, uniq_natasha
D:4:      layout_loops_cross, minmay_temple_entry_stoned_glass,
          hangedman_minor_gate_pass
D:5:      layout_rooms, lemuel_coloured_pillars_altar,
          amcnicky_mini_corridor_feature, minmay_misc_feat_encased,
          uniq_blork_the_orc
D:6:      layout_basic, uniq_pikel, uniq_eustachio, uniq_edmund
D:7:      layout_rooms, zin_purify, enter_bailey_5
D:8:      layout_basic, serial_bayou, serial_bayou_pond_d, serial_bayou_ford_a,
          serial_bayou_lake_a, serial_bayou_pond_b, serial_bayou_crossing,
          the_hattery
D:9:      layout_cave_pods, david_orc_5, palyth_stone_intersect, uniq_maurice
D:10:     kennysheep_spiral_hall, layout_long_grid, led_sif_pool,
          riverfiend_overflow_shadow_ancestor, lair_entry_dummy,
          minmay_misc_feat_hallway, minmay_misc_feat_diagonals
D:11:     layout_stronghold, gauntlet_entry_generic
D:12:     layout_rooms, serial_shops, nicolae_shop_statue_plus, st_stairs_13,
          hex_large, nicolae_transmutations_shop
D:13:     layout_irregular_city, skrybe_vaults_entry_preservation
Temple:   eino_temple_rhombus
Lair:1:   layout_regular_city, chequers_serial_rivers_room_b, uniq_maggie
Lair:2:   layout_roguey, spider_nest_entry_webs, serial_rivers,
          chequers_serial_rivers_large_a, chequers_serial_rivers_small_b,
          chequers_serial_rivers_marsh, chequers_serial_rivers_room_b,
          chequers_serial_rivers_room_a
Lair:3:   layout_regular_city, portal_ice_cave_entry_imps, tgw_fedhas
Lair:6:   grunt_lair_end_beastmaster, layout_loops_ring,
          dpeg_slime_entry_enclosed_altar, lemuel_fruit_fields,
          grunt_megastairs_3, lemuel_fruit_tree

Skill      XL: |  1  2  3  4  5  6  7  8  9 10 11 12 13 14 |
---------------+-------------------------------------------+-----
Fighting       | 1 2 3 5 6 8 9 10 12 13 15 | 15.1
Spellcasting   | 4 5 6 7 8 9 10 11 | 11.5
Shields        | 1 4 |  4.0
Invocations    | 4 7 9 10 11 | 11.6
Stealth        | 4 |  4.0
Short Blades   | 3 4 |  4.0
Maces & Flails | 4 6 |  6.0
Armour         | 3 |  3.9
Dodging        | |  2.1

Action                   |  1- 3 |  4- 6 |  7- 9 | 10-12 | 13-15 || total
-------------------------+-------+-------+-------+-------+-------++-------
Melee: Unarmed           |       |     2 |       |     4 |       ||     6
       Short sword       |       |       |     3 |    18 |       ||    21
       Morningstar       |       |       |       |    32 |    18 ||    50
 Cast: Magic Dart        |    46 |    46 |    32 |    43 |    10 ||   177
       Searing Ray       |     7 |    16 |    41 |   107 |   115 ||   286
       Iskenderun's Myst |       |     2 |     6 |    61 |   121 ||   190
       Fulminant Prism   |       |       |     2 |    11 |    23 ||    36
       Summon Ice Beast  |       |       |       |     2 |     2 ||     4
       Call Canine Famil |       |       |       |     1 |       ||     1
       Agony             |       |       |       |       |     5 ||     5
       Death Channel     |       |       |       |       |     1 ||     1
Invok: Line Pass         |       |     1 |       |     1 |       ||     2
       Grand Finale      |       |       |       |     1 |     1 ||     2
  Use: Scroll            |       |     5 |     6 |    11 |     8 ||    30
 Stab: Paralysed         |       |       |     2 |    24 |     3 ||    29
Armor: Robe              |       |     2 |     2 |       |       ||     4
       Troll leather arm |       |       |     2 |    35 |    42 ||    79
       Ice dragon scales |       |       |       |       |    45 ||    45
Dodge: Dodged            |     3 |     8 |    30 |    83 |    61 ||   185
       Repelled          |       |       |       |     2 |     1 ||     3
Block: Buckler           |       |       |     5 |    53 |    89 ||   147
       Reflection        |       |       |       |     8 |     1 ||     9

Table legend: (Time is in decaauts)
 A = Elapsed time spent in this place.
 B = Non-inter-level travel time spent in this place.
 C = Inter-level travel time spent in this place.
 D = Time resting spent in this place.
 E = Time spent auto-exploring this place.
 F = Levels seen in this place.
 G = Mean time per level.
                   A        B        C        D        E       F      G
               +--------+--------+--------+--------+--------+-----+--------+
         Total |  16683 |  16306 |    377 |    106 |  13086 |  21 |  794.4 |
       Dungeon |  10496 |  10229 |    267 |      4 |   8650 |  13 |  807.4 |
        Temple |    253 |    204 |     49 |      0 |    202 |   1 |  253.0 |
          Lair |   4244 |   4183 |     61 |     59 |   3504 |   4 | 1061.0 |
        Bailey |    474 |    474 |      0 |      0 |    227 |   1 |  474.0 |
      Ice Cave |    724 |    724 |      0 |     43 |    328 |   1 |  724.0 |
      Gauntlet |    489 |    489 |      0 |      0 |    175 |   1 |  489.0 |
               +--------+--------+--------+--------+--------+-----+--------+

Top non-repeatable levels by time:
  Lair:6: 2034 daAuts
     D:3: 1244 daAuts
     D:4: 1132 daAuts
    D:11: 1111 daAuts
     D:8: 1091 daAuts
     D:1: 1031 daAuts
     D:9: 982 daAuts
    D:10: 922 daAuts
  Lair:2: 874 daAuts
     D:5: 857 daAuts
  Lair:1: 817 daAuts
     D:2: 748 daAuts
   IceCv: 724 daAuts
     D:6: 568 daAuts
  Lair:3: 517 daAuts
